cohdb
Replays
Latest Replays
All Replays
Popular Replays
Top Player Replays
Match Explorer
How It Works
Community
CoH3 Stats
Reddit
Sign in to upload your games and track your stats! →
Sign in with Steam
Match 44697118
Unlisted
Match 44697118
Overview
Messages
Build Orders
End
Pioneer Squad
Selects Mechanized Battlegroup
Construct Infanterie Kompanie
MG 42 Machine Gun Team
GrW 34 Mortar Team
Grenadier Squad
Grenadier Squad
Construct Luftwaffe Kompanie
Medical Station
Selects Mobile Repair Stations
Jäger Squad
Support Elements
Jäger Squad
Selects Raid Package
Mysterion
willdeath
企鹅爱子
宇杰
Serial Chiller
Spikey
あの夏のいつかは
耶拿
0
0
Comments
sign in to comment!
No comments posted yet!